 Dungeon Crawl Stone Soup version 0.30-a0-937-ga0a21ad780 (webtiles) character file.

Game seed: 16809079990198814857

101 bande the Covered (level 4, 0/29 HPs)
             Began as a Gargoyle Fighter on Mar 25, 2023.
             Slain by Crazy Yiuf
             ... wielding a +3 quarterstaff of chaos
              (2 damage)
             ... on level 2 of the Dungeon.
             The game lasted 00:01:44 (1228 turns).

bande the Covered (Gargoyle Fighter)                Turns: 1228, Time: 00:01:45

Health: 0/29       AC: 10    Str: 19    XL:     4   Next: 75%
Magic:  4/4        EV: 14    Int:  9    God:
Gold:   83         SH:  5    Dex: 17    Spells: 3/3 levels left

rFire   . . .      SeeInvis .    a - +0 war axe
rCold   . . .      Faith    .    c - +0 buckler
rNeg    + . .      Spirit   .    b - +0 scale mail
rPois   ∞          Reflect  .    (no helmet)
rElec   +          Rampage  .    (no cloak)
rCorr   .                        (no gloves)
Will    .....                    (no boots) Stlth
                                 (no amulet)
HPRegen 0.24/turn                i - +6 ring of dexterity
MPRegen 0.09/turn                (no ring)

@: agile
A: sickness immunity, AC +3, negative energy resistance 1, electricity
resistance, torment resistance 1, petrification resistance
a: no special abilities


You were on level 2 of the Dungeon.
You visited 1 branch of the dungeon, and saw 2 of its levels.

You collected 83 gold pieces.

Inventory:

Hand Weapons
 a - a +0 war axe (weapon)
Missiles
 k - a throwing net (quivered)
Armour
 b - a +0 scale mail (worn)
 c - a +0 buckler (worn)
Jewellery
 i - a +6 ring of dexterity (left hand)
 l - an amulet of magic regeneration
Scrolls
 e - 4 scrolls of identify {unknown}
 f - a scroll of fog {unknown}
 h - a scroll of poison {unknown}
 o - a scroll of enchant armour {unknown}
 p - a scroll of enchant weapon {unknown}
 s - a scroll of blinking {unknown}
Potions
 d - a potion of might
 g - a potion of degeneration {unknown}
 j - a potion of brilliance {unknown}
 m - 2 potions of lignification {unknown}
 n - 2 potions of curing {unknown}
 q - a potion of mutation {unknown}
 r - a potion of heal wounds {unknown}


   Skills:
 + Level 3.8 Fighting
 + Level 3.1 Axes
 + Level 4.0 Armour
 - Level 0.1 Dodging
 + Level 3.7 Shields


You had 3 spell levels left.
You didn't know any spells.
Your spell library contained the following spells:

 Spells                   Type           Power      Damage    Failure   Level
 Ozocubu's Armour         Ice            0%         N/A       99%         3
 Metabolic Englaciation   Hex/Ice        0%         N/A       100%        5
 Simulacrum               Ice/Necr       0%         N/A       100%        6


Dungeon Overview and Level Annotations

Branches:
Dungeon (2/15)

Altars:
Ru

Annotations:
D:2 Crazy Yiuf


Innate Abilities, Weirdness & Mutations

You are immune to sickness and miasma.
Your stone body is resilient. (AC +3)
You are immune to poison.
You resist negative energy. (rN+)
You are resistant to electric shocks. (rElec)
You are resistant to unholy torment.
You are immune to petrification.


Message History

No target in view!
No target in view!
You now have 83 gold pieces (gained 7).
s - a scroll labelled VEUPEWULUN
e - 4 scrolls labelled QILULEFOIG (gained 1)
You see here a +0 leather armour.
You see here a +0 leather armour.
You see here a +0 hammer of draining.
You see here a +0 hammer.
You see here a +0 hammer.
You see here a +0 hammer.
You see here a +0 hammer.
Could not explore, unopened runed door.
Could not explore, unopened runed door.
As you open the door, it creaks loudly!
You closely miss Crazy Yiuf. You block Crazy Yiuf's attack.
Crazy Yiuf hits you with a +3 quarterstaff of chaos.
You barely miss Crazy Yiuf. Crazy Yiuf hits you but does no damage.
You feel agile all of a sudden.
You hit Crazy Yiuf.
Crazy Yiuf is moderately wounded.
Crazy Yiuf misses you.
Crazy Yiuf hits you with a +3 quarterstaff of chaos.
Crazy Yiuf burns you.
You hit Crazy Yiuf but do no damage.
Crazy Yiuf is moderately wounded.
Crazy Yiuf screams, "Cod tired Hive!"
Crazy Yiuf hits you with a +3 quarterstaff of chaos.
You slash Crazy Yiuf!
Crazy Yiuf is severely wounded.
Crazy Yiuf hits you with a +3 quarterstaff of chaos!
* * * LOW HITPOINT WARNING * * *
Crazy Yiuf burns you.
* * * LOW HITPOINT WARNING * * *
You barely miss Crazy Yiuf.
Crazy Yiuf is severely wounded.
Crazy Yiuf hits you with a +3 quarterstaff of chaos.
* * * LOW HITPOINT WARNING * * *
Crazy Yiuf freezes you.
You die...

#####
#########
#).)#
#........
#)))#
#.#######
))) ####.#
##... #g#
#....###....
♣♣@♣
#.##......).
♣)♣♣
#.##.##...(.
♣♣)♣
####.##.....
♣)♣♣
#.##.....
♣♣)♣♣
###.####...
♣)..♣♣
#....###...
♣....♣
#..........
#....#
##..##.....
#....#
#.........


You could see Crazy Yiuf.

Vanquished Creatures
  Jessica (D:2)
  A gnoll (D:1)
  2 adders (D:2)
  2 worms (D:2)
  2 dart slugs
  4 ball pythons
  3 bats (D:1)
  2 endoplasms (D:1)
  2 giant cockroaches
  2 goblins
  3 hobgoblins
  3 jackals (D:1)
  4 kobolds
  2 quokkas
  4 rats
37 creatures vanquished.

Notes
Turn   | Place    | Note
-------+----------+-------------------------------------------
     0 | D:1      | bande the Gargoyle Fighter began the quest for the Orb.
     0 | D:1      | Reached XP level 1. HP: 14/14 MP: 1/1
   273 | D:1      | Reached XP level 2. HP: 19/19 MP: 2/2
   422 | D:1      | Reached XP level 3. HP: 15/23 MP: 3/3
   927 | D:2      | Reached XP level 4. HP: 28/29 MP: 4/4
   962 | D:2      | Found a sacrificial altar of Ru.
   970 | D:2      | Noticed Jessica
   974 | D:2      | Killed Jessica
   975 | D:2      | Reached skill level 4 in Armour
  1006 | D:2      | Found a runed translucent door.
  1007 | D:2      | Noticed Crazy Yiuf
  1228 | D:2      | Slain by Crazy Yiuf

Illustrated notes

Levels and vault maps discovered:
D:1:      psy_arrival_fountain, layout_basic, chequers_serial_rivers_large_a,
          chequers_serial_rivers_small_3
D:2:      layout_rooms, basic_altar, uniq_jessica, uniq_crazy_yiuf_cottage

Skill      XL: |  1  2  3  4 |
---------------+-------------+-----
Axes           | 2 3 |  3.1
Armour         | 4 |  4.0
Fighting       | |  3.8
Dodging        | |  0.1
Shields        | |  3.7

Action                     |  1- 3 |  4- 6 || total
---------------------------+-------+-------++-------
  Melee: War axe           |    78 |    13 ||    91
 Armour: Scale mail        |    64 |     6 ||    70
  Dodge: Dodged            |    27 |     2 ||    29
  Block: Buckler           |    19 |     3 ||    22

Table legend: (Time is in decaauts)
 A = Elapsed time spent in this place.
 B = Non-inter-level travel time spent in this place.
 C = Inter-level travel time spent in this place.
 D = Time resting spent in this place.
 E = Time spent auto-exploring this place.
 F = Levels seen in this place.
 G = Mean time per level.
                   A        B        C        D        E       F      G
               +--------+--------+--------+--------+--------+-----+--------+
         Total |   1275 |   1255 |     20 |      0 |    993 |   2 |  637.5 |
       Dungeon |   1275 |   1255 |     20 |      0 |    993 |   2 |  637.5 |
               +--------+--------+--------+--------+--------+-----+--------+

Top non-repeatable levels by time:
     D:1: 809 daAuts
     D:2: 466 daAuts
